 Dungeon Crawl Stone Soup version 0.30-a0-622-gddc90eaa04 (webtiles) character file.

Game seed: 12897882147537922672

37 hikkokomori the Conjurer (level 3, -7/21 HPs)
             Began as an Octopode Conjurer on Jan 11, 2023.
             Mangled by Sigmund
             ... wielding a +2 scythe of venom
              (10 damage)
             ... on level 2 of the Dungeon.
             The game lasted 00:00:55 (893 turns).

hikkokomori the Conjurer (Octopode Conjurer)         Turns: 893, Time: 00:00:55

Health: -7/21      AC:  1    Str:  4 (6)  XL:     3   Next: 41%
Magic:  12/15      EV: 10    Int: 20 (22) God:
Gold:   43         SH:  0    Dex:  9 (10) Spells: 5/6 levels left

rFire   . . .      SeeInvis +    (no weapon)
rCold   . . .      Faith    .    (no shield)
rNeg    . . .      Spirit   .    (helmet restricted)
rPois   .          Reflect  .    (no amulet)
rElec   .          Harm     .    c - ring of see invisible
rCorr   .          Rampage  .    e - ring of magical power
Will    .....                    (no ring)
Stlth   +++                      (no ring)
HPRegen 0.23/turn                (no ring)
MPRegen 0.14/turn                (no ring)
                                 (no ring)
                                 (no ring)

@: grasped by roots, constricted
A: almost no armour, amphibious, 8 rings, camouflage 1, gelatinous body 1,
(nimble swimmer 1), tentacles
a: no special abilities


You were on level 2 of the Dungeon.
You visited 1 branch of the dungeon, and saw 2 of its levels.

You collected 43 gold pieces.

Inventory:

Jewellery
 c - a ring of see invisible (left tentacle)
 d - a +6 ring of dexterity
 e - a ring of magical power (right tentacle)
Scrolls
 b - a scroll of blinking {unknown}
 f - 5 scrolls of identify {unknown}
 g - a scroll of magic mapping {unknown}
 i - a scroll of immolation {unknown}
Potions
 a - a potion of magic


   Skills:
 + Level 2.4 Dodging
 + Level 3.5 Stealth
 + Level 2.4 Spellcasting
 + Level 4.3 Conjurations


You had 5 spell levels left.
You knew the following spells:

 Your Spells              Type           Power      Damage    Failure   Level
a - Magic Dart            Conj           76%        1d6       2%          1

Your spell library contained the following spells:

 Spells                   Type           Power      Damage    Failure   Level
 Searing Ray              Conj           38%        2d5       3%          2
 Dazzling Flash           Conj/Hex       22%        N/A       19%         3
 Fulminant Prism          Conj/Hex       5%         3d7       52%         4
 Iskenderun's Mystic Bla  Conj/Tloc      11%        2d4       52%         4


Dungeon Overview and Level Annotations

Branches:
Dungeon (2/15)

Altars:

Annotations:
D:2 Sigmund


Innate Abilities, Weirdness & Mutations

You cannot wear most types of armour.
You are amphibious.
You can wear up to eight rings at the same time.
Your skin changes colour to match your surroundings (Stealth+).
Your rubbery body absorbs attacks. (AC +1, EV +1)
((You are camouflaged when in or above water. (Stealth+)))
You have tentacles for arms and can constrict up to eight enemies at once.


Message History

The adder is moderately wounded.
The magic dart hits the adder.
The adder is heavily wounded.
Sigmund the Dreaded comes into view.
He is wielding a +2 scythe of venom and carrying a wand of roots (9).
The magic dart hits the adder!
You kill the adder!
The magic dart hits Sigmund.
Sigmund is lightly wounded.
Sigmund closely misses you.
Casting: Magic Dart (safe; 2% risk of failure)
Confirm with . or Enter, or press ? or * to list all spells.
Okay, then.
You close the door.
Sigmund opens the door.
Sigmund gestures wildly while chanting.
Sigmund flickers and vanishes for a moment.
You open the door.
There is an open door here.
You close the door.
Sigmund breaks down the door.
Casting: Magic Dart (safe; 2% risk of failure)
Confirm with . or Enter, or press ? or * to list all spells.
Aiming: Magic Dart (safe; 2% risk of failure)
Press: ? - help, Shift-Dir - straight line, f/p - Sigmund
Aim: Sigmund, wielding a +2 scythe of venom, wearing a +0 robe and carrying a wand of roots (9) (lightly wounded, slightly transparent, 100% to hit)
The magic dart hits Sigmund.
Sigmund is moderately wounded.
Sigmund points at you and mumbles some strange words.
The magic dart hits you!
You aren't carrying any items that you can evoke.
Sigmund zaps a wand.
The roots erupt in riotous growth!
The grasping roots grab you! The grasping roots constrict you.
It was a potion of degeneration.
There was something very wrong with that liquid.
You feel weakened.
You feel dopey.
You feel clumsy. The grasping roots constrict you.
* * * LOW HITPOINT WARNING * * *
The roots grasp on you weakens, but your attempt to escape fails.
Sigmund hits you from afar with a +2 scythe of venom!
You die...

#..# .†# #.# ##'##
##...## ## ##.....##
#... ##.......##
.....
#.........####....#.
+.........@.@.......
#.........####......
##.......## .#.##
##.....## #
##...########
##.........#
#..######.# #..# #.#
#########..#### #.#


You could see Sigmund (invisible).

Vanquished Creatures
  2 adders (D:2)
  A dart slug (D:1)
  An endoplasm (D:1)
  A goblin (D:1)
  3 hobgoblins (D:1)
  2 kobolds (D:1)
  A quokka (D:1)
  2 ball pythons (D:1)
  A bat (D:1)
  2 frilled lizards (D:1)
  2 rats
18 creatures vanquished.

Notes
Turn   | Place    | Note
-------+----------+-------------------------------------------
     0 | D:1      | hikkokomori the Octopode Conjurer began the quest for the
                  | Orb.
     0 | D:1      | Reached XP level 1. HP: 11/11 MP: 3/3
   292 | D:1      | Reached XP level 2. HP: 17/17 MP: 5/5
   832 | D:2      | Reached XP level 3. HP: 21/21 MP: 6/6
   878 | D:2      | Noticed Sigmund
   893 | D:2      | Mangled by Sigmund

Illustrated notes

Levels and vault maps discovered:
D:1:      lightli_arrival_lavapool, layout_loops_cross
D:2:      layout_loops_corners, basic_altar, uniq_sigmund, uniq_jessica

Skill      XL: |  1 |
---------------+----+-----
Stealth        | 3 |  3.5
Dodging        | |  2.4
Spellcasting   | |  2.4
Conjurations   | |  4.3

Action                   || total
-------------------------++-------
 Cast: Magic Dart        ||    35
  Use: Potion            ||     1
Dodge: Dodged            ||     1

Table legend: (Time is in decaauts)
 A = Elapsed time spent in this place.
 B = Non-inter-level travel time spent in this place.
 C = Inter-level travel time spent in this place.
 D = Time resting spent in this place.
 E = Time spent auto-exploring this place.
 F = Levels seen in this place.
 G = Mean time per level.
                   A        B        C        D        E       F      G
               +--------+--------+--------+--------+--------+-----+--------+
         Total |    891 |    860 |     31 |      0 |    780 |   2 |  445.5 |
       Dungeon |    891 |    860 |     31 |      0 |    780 |   2 |  445.5 |
               +--------+--------+--------+--------+--------+-----+--------+

Top non-repeatable levels by time:
     D:1: 799 daAuts
     D:2: 92 daAuts
